 Dungeon Crawl Stone Soup version 0.25-a0-58-g9dd530fc12 (webtiles) character file.

Game seed: 3265514940924099322, levelgen mode: deterministic

75 Conn the Firebug (level 4, 0/27 HPs)
             Began as an Octopode Fire Elementalist on Oct 27, 2019.
             Slain by a quokka (2 damage)
             ... on level 2 of the Dungeon.
             The game lasted 00:03:53 (1907 turns).

Conn the Firebug (Octopode Fire Elementalist)       Turns: 1907, Time: 00:03:54

Health: 0/27       AC:  1    Str:  4 (7)  XL:     4   Next: 31%
Magic:  5/7        EV: 13    Int: 15 (18) God:
Gold:   39         SH:  0    Dex: 10 (12) Spells: 6/7 levels left

rFire    . . .     SeeInvis .   e - +2 dagger (venom)
rCold    . . .     Gourm    .   (no shield)
rNeg     + . .     Faith    .   (helmet restricted)
rPois    .         Spirit   .   (no amulet)
rElec    .         Reflect  .   g - ring of positive energy
rCorr    .         Harm     .   (no ring)
MR       .....                  (no ring)
Stlth    +++.......             (no ring)
HPRegen  0.09/turn              (no ring)
MPRegen  0.10/turn              (no ring)
                                (no ring)
                                (no ring)

@: lethally poisoned (0 -> -15)
A: almost no armour, stealthy swim, amphibious, 8 rings, constrict 8, camouflage
1, gelatinous body 1
a: no special abilities


You were on level 2 of the Dungeon.
You were not hungry.

You visited 1 branch of the dungeon, and saw 2 of its levels.

You collected 39 gold pieces.

Inventory:

Hand Weapons
 a - a +0 dagger
 e - a +2 dagger of venom (weapon)
Missiles
 d - 15 poisoned darts (quivered)
Jewellery
 g - a ring of positive energy (left tentacle)
Scrolls
 h - a scroll of identify {unknown}
 j - a scroll of remove curse {unknown}
 k - a scroll of random uselessness {unknown}
Comestibles
 b - 2 rations
 c - 3 chunks of flesh


   Skills:
 + Level 0.3 Fighting
 + Level 0.8 Short Blades
 + Level 2.6 Dodging
 + Level 3.4 Stealth
 + Level 0.5 Unarmed Combat
 * Level 2.4 Spellcasting
 * Level 1.2 Conjurations
 + Level 3.5 Fire Magic


You had 6 spell levels left.
You knew the following spells:

 Your Spells              Type           Power        Failure   Level  Hunger
a - Flame Tongue          Conj/Fire      #....        8%          1    #......

Your spell library contained the following spells:

 Spells                   Type           Power        Failure   Level  Hunger
 Throw Flame              Conj/Fire      #.....       12%         2    ###....
 Conjure Flame            Conj/Fire      #.......     24%         3    ###....
 Inner Flame              Hex/Fire       #.......     30%         3    ###....
 Sticky Flame             Conj/Fire      #.......     61%         4    #####..
 Fireball                 Conj/Fire      #.........   91%         5    ######.


Dungeon Overview and Level Annotations

Branches:
Dungeon (2/15)

Altars:

Annotations:
D:2 Sigmund


Innate Abilities, Weirdness & Mutations

You cannot wear most types of armour.
You are very stealthy in the water. (Stealth+)
You are amphibious.
You can wear up to eight rings at the same time.
You can use your tentacles to constrict eight enemies at once.
Your skin changes colour to match your surroundings (Stealth+).
Your rubbery body absorbs attacks. (AC +1, EV +1)


Message History

* * * LOW HITPOINT WARNING * * *
Casting: Flame Tongue (safe; 8% risk of failure)
Confirm with . or Enter, or press ? or * to list all spells.
Aiming: Flame Tongue (safe; 8% risk of failure)
Press: ? - help, Shift-Dir - straight line, f - Sigmund, p - quokka
Aim: Sigmund, wielding a +3 scythe of venom and wearing a +0 robe (heavily wounded)
The flame tongue hits Sigmund.
Sigmund is heavily wounded.
* * * LOW HITPOINT WARNING * * *
You feel sick. The quokka bites you.
* * * LOW HITPOINT WARNING * * *
Sigmund gestures at you while chanting. You resist with some effort.
You aren't carrying any potions.
As you read the scroll labeled SEMETI HINEM, it crumbles to dust.
The creatures around you are filled with an inner flame!
It was a scroll of immolation.
* * * LOW HITPOINT WARNING * * *
You feel sick. The quokka bites you.
You die...

##<...#.# #.............
##......####.............
#....#####..........รท.....
#.#.######.##.............
.##.#.#......##.............
......[.########...........)
...#....# ##........>.#
.#....#.##############......
#...#..#...r@@...... ..#####
.# #. ##...######## #..
#.....#.# .$!#....# ###
###... ..#.# ..##.# #. .#


You could see Sigmund (inner flame) and a quokka (inner flame).

Vanquished Creatures
  3 adders (D:2)
  4 dart slugs
  6 bats
  A giant cockroach (D:2)
  2 hobgoblins
  8 jackals
  4 kobolds
  4 frilled lizards (D:2)
  4 goblins
  3 rats
39 creatures vanquished.

Notes
Turn   | Place    | Note
-------+----------+-------------------------------------------
     0 | D:1      | Conn the Octopode Fire Elementalist began the quest for the
                  | Orb.
     0 | D:1      | Reached XP level 1. HP: 11/11 MP: 3/3
   479 | D:1      | Reached XP level 2. HP: 16/17 MP: 0/5
  1040 | D:1      | Reached XP level 3. HP: 18/21 MP: 6/6
  1737 | D:2      | Reached XP level 4. HP: 27/27 MP: 3/7
  1898 | D:2      | Noticed Sigmund
  1907 | D:2      | Slain by a quokka

Levels and vault maps discovered:
D:1:      lightli_arrival_flooded_house, layout_basic
D:2:      layout_rooms, first_ration, minmay_pentomino_t4, uniq_sigmund

Skill      XL: |  1  2 |
---------------+-------+-----
Stealth        | 3 |  3.4
Fighting       | |  0.3
Short Blades   | |  0.8
Dodging        | |  2.6
Unarmed Combat | |  0.5
Spellcasting   | |  2.4
Conjurations   | |  1.2
Fire Magic     | |  3.5

Action                   |  1- 3 |  4- 6 || total
-------------------------+-------+-------++-------
Melee: Unarmed           |    26 |       ||    26
       Constrict         |    17 |       ||    17
       Tentacles         |     5 |     1 ||     6
       Dagger            |    27 |     5 ||    32
 Cast: Flame Tongue      |    29 |     5 ||    34
  Use: Scroll            |       |     1 ||     1
       Potion            |       |     1 ||     1
 Stab: Sleeping          |     7 |     2 ||     9
  Eat: Chunk             |     3 |       ||     3
Armor: Skin              |     8 |       ||     8
Dodge: Dodged            |    51 |     5 ||    56

Table legend:
 A = Non-vault XP
 B = Vault XP
 C = Vault XP percentage of total XP
 D = Non-vault monster count
 E = Vault monster count
 F = Vault count percentage of total count
                 A         B        C        D         E       F
            +---------+---------+-------+---------+---------+-------
      Total |     108 |       0 |   0.0 |      39 |       0 |   0.0
            +---------+---------+-------+---------+---------+-------
        D:1 |      45 |       0 |   0.0 |      22 |       0 |   0.0
        D:2 |      63 |       0 |   0.0 |      17 |       0 |   0.0
            +---------+---------+-------+---------+---------+-------
